 Dungeon Crawl Stone Soup version 0.25-a0-657-ge95d391c20 (webtiles) character file.

Game seed: 47328274079819474, levelgen mode: deterministic

8243 MisterFreud the Cleaver (level 11, -5/91 (92) HPs)
             Began as a Naga Ice Elementalist on Mar 22, 2020.
             Was the Champion of Cheibriados.
             Hit by a boomerang thrown by an orc warrior (14 damage)
             ... on level 10 of the Dungeon.
             The game lasted 00:30:06 (11053 turns).

MisterFreud the Cleaver (Naga Ice Elementalist)    Turns: 11053, Time: 00:30:08

HP:   -5/91 (92)    AC:  6    Str: 25    XL:     11   Next: 27%
MP:   17/17         EV: 25    Int: 41    God:    Cheibriados [******]
Gold: 537           SH:  0    Dex: 26    Spells: 7/18 levels left

rFire    . . .     SeeInvis +   k - +4 war axe "Newtslayer" {protect, *Rage Int+6}
rCold    + . .     Gourm    .   (no shield)
rNeg     . . .     Faith    .   G - +0 robe "Dewemuo" {rC+ rCorr SInv} (curse)
rPois    +         Spirit   .   (no helmet)
rElec    .         Reflect  .   L - +0 cloak
rCorr    +         Harm     .   b - +0 pair of gloves (curse)
MR       +....     Rnd*Rage +   (no barding)
Stlth    ++++......             p - amulet of the acrobat
HPRegen  0.25/turn              s - ring of stealth
MPRegen  0.15/turn              (no ring)

@: berserk cooldown, acrobat, slowed, very slow
A: large, see invisible, deformed body, poison resistance, slowness 2, slow
metabolism 1, spit poison 1, AC +3
a: Spit Poison, Bend Time, Temporal Distortion, Slouch, Step From Time, Renounce
Religion


You were on level 10 of the Dungeon.
You worshipped Cheibriados.
Cheibriados was exalted by your worship.
You were not hungry.

You visited 1 branch of the dungeon, and saw 10 of its levels.
You also visited: Sewer.

You collected 537 gold pieces.

Inventory:

Hand Weapons
 k - the +4 war axe "Newtslayer" (weapon) {protect, *Rage Int+6}
   (You found it on level 5 of the Dungeon)

   It grants its wielder temporary protection when it strikes (+7 to AC).
   It affects your intelligence (+6).
   It may make you go berserk in combat.
 C - a +2 dagger of venom
Missiles
 d - 59 sling bullets
 g - 125 arrows
 h - 299 stones (quivered)
 m - 81 bolts
 t - 27 poisoned darts
 D - 11 boomerangs
 O - 2 throwing nets
Armour
 a - a +0 robe
 b - a cursed +0 pair of gloves (worn)
 G - the cursed +0 robe "Dewemuo" (worn) {rC+ rCorr SInv}
   (You found it on level 8 of the Dungeon)

   It protects you from cold.
   It lets you see invisible.
   It provides partial protection from all sources of acid and corrosion.
   It has a curse placed upon it.
 L - a +0 cloak (worn)
Jewellery
 p - an amulet of the acrobat (around neck)
 s - a ring of stealth (left hand)
Wands
 l - a wand of clouds (3)
 J - a wand of polymorph (10)
Scrolls
 e - 2 scrolls of blinking {unknown}
 i - 4 scrolls of amnesia
 n - 7 scrolls of teleportation {unknown}
 o - 2 scrolls of magic mapping
 q - 3 scrolls of random uselessness {unknown}
 r - 5 scrolls of noise {unknown}
 u - a scroll of enchant weapon {unknown}
 w - a scroll of fear {unknown}
 y - 2 scrolls of remove curse {unknown}
 B - a scroll of enchant armour
 K - a scroll of immolation {unknown}
 M - 2 scrolls of identify
Potions
 f - 2 potions of might
 j - a potion of resistance
 v - 6 potions of heal wounds
 x - 3 potions of curing
 z - 2 potions of flight
 A - 3 potions of stabbing
 E - 2 potions of brilliance
 F - a potion of mutation
 H - a potion of magic {unknown}
 I - a potion of haste {unknown}
 N - a potion of lignification {unknown}
Comestibles
 c - 7 rations


   Skills:
 - Level 4.1 Fighting
 + Level 12.7 Axes
 - Level 1.5 Dodging
 - Level 3.0 Stealth
 - Level 4.0 Spellcasting
 - Level 3.0 Conjurations
 - Level 6.0 Ice Magic
 - Level 6.0 Invocations
 - Level 5.0 Evocations


You had 7 spell levels left.
You knew the following spells:

 Your Spells              Type           Power        Failure   Level  Hunger
a - Freeze                Ice            ####         1%          1    None
b - Frozen Ramparts       Ice            ######       1%          3    None
c - Hailstorm             Conj/Ice       #####...     4%          4    ###....
d - Ozocubu's Armour      Chrm/Ice       ####....     2%          3    None

Your spell library contained the following spells:

 Spells                   Type           Power        Failure   Level  Hunger
 Summon Small Mammal      Summ           #...         3%          1    None
 Call Imp                 Summ           #.......     4%          2    None
 Call Canine Familiar     Summ           #.......     9%          3    None
 Confusing Touch          Hex            #.......     9%          3    None
 Gell's Gravitas          Tloc           #.........   9%          3    None
 Summon Guardian Golem    Hex/Summ       #.......     9%          3    None
 Summon Ice Beast         Ice/Summ       ####....     9%          4    ###....
 Metabolic Englaciation   Hex/Ice        ####......   24%         5    #####..
 Petrify                  Tmut/Erth      #.......     30%         4    ###....
 Summon Lightning Spire   Summ/Air       #.......     30%         4    ###....
 Yara's Violent Unravell  Hex/Tmut       #.........   63%         5    #####..


Dungeon Overview and Level Annotations

Branches:
Dungeon (10/15)            Temple (0/1) D:6            Lair (0/6) D:9
    Orc (0/2) D:10          Sewer (visited)

Altars:
Ashenzari
Cheibriados
Elyvilon
Gozag
Kikubaaqudgha
Makhleb
Qazlal
Trog
Uskayaw
Vehumet
Xom
Yredelemnul
The Shining One

Shops:
D:5 }   D:8 }

Annotations:
D:8 2 transporters


Innate Abilities, Weirdness & Mutations

You cannot wear boots.
Your serpentine skin is tough. (AC +3)
You have supernaturally acute eyesight. (SInv)
Armour fits poorly on your strangely shaped body.
Your system is resistant to poisons. (rPois)
You cover ground very slowly.
You have a slow metabolism.
You can spit poison.


Message History

The sky beast is heavily wounded.
The orc wizard shouts!
You hear a bellow!
A wight comes into view. It is wielding a +3 hand axe.
The orc warrior throws a boomerang.
The boomerang hits you but does no damage.
The weapon returns to the orc warrior!
The sky beast hits you but does no damage.
The orc warrior throws a boomerang.
The boomerang misses you.
The weapon returns to the orc warrior!
The sky beast hits you but does no damage.
The orc warrior throws a boomerang.
The boomerang closely misses you.
The weapon returns to the orc warrior!
The sky beast closely misses you.
You feel a strong urge to attack something.
You are no longer berserk.
You are exhausted.
You feel yourself slow down. The orc wizard casts a spell at you.
You resist with almost no effort.
The orc warrior throws a boomerang.
The boomerang hits you!
You die...

........###....
.....o........# ..
...>..)....#..# #.#
....z...#.....##...
.....o............#
..................#
......[o...........
......†Y.@.........
.......)(..<.......
..#.#..............
#................
...>.............#
..#..............##
..........##.......
....###### #......
...# ......


You could see an orc warrior, a sky beast (invisible), a wight and 2 orc
wizards.

Vanquished Creatures
  2 two-headed ogres
  Pikel (D:7)
  A troll (D:9)
  2 hippogriffs (D:9)
  A basilisk (D:9)
  6 yaks (D:9)
  2 hungry ghosts
  Menkaure (D:4)
  3 porcupines (D:9)
  2 ice beasts
  A phantom (D:6)
  3 sky beasts
  4 orc warriors
  3 slaves (D:7)
  2 ogres
  A black bear (D:10)
  2 necrophages
  A centaur (D:8)
  A crocodile (D:9)
  3 big kobolds
  7 bullfrogs
  A scorpion (D:9)
  5 wights
  2 howler monkeys
  5 crimson imps
  A quasit (D:6)
  5 hounds
  A jelly (D:8)
  10 orc priests
  3 centaur skeletons
  11 orc wizards
  Crazy Yiuf (D:7)
  4 iguanas
  9 worker ants
  A hound zombie (D:5)
  2 hound skeletons
  A worker ant zombie (D:6)
  11 adders
  2 howler monkey skeletons (D:8)
  11 river rats
  A shadow imp (D:7)
  An ooze (Sewer)
  An adder skeleton (D:8)
  5 worms
  A dart slug (D:4)
  8 leopard geckos
  38 orcs
  8 ball pythons
  6 bats
  5 giant cockroaches
  9 hobgoblins
  33 kobolds
  4 quokkas
  2 frilled lizards (D:1)
  9 goblins
  A leopard gecko zombie (D:4)
  3 quokka skeletons
  25 rats
  A fungus (D:7)
296 creatures vanquished.

Vanquished Creatures (others)
  A centaur (D:6)
  A howler monkey (D:6)
  An orc wizard (D:6)
  An orc (D:6)
  A plant (D:9)
5 creatures vanquished.

Grand Total: 301 creatures vanquished

Notes
Turn   | Place    | Note
-------+----------+-------------------------------------------
     0 | D:1      | MisterFreud the Naga Ice Elementalist began the quest for
                  | the Orb.
     0 | D:1      | Reached XP level 1. HP: 15/15 MP: 3/3
   110 | D:1      | Reached XP level 2. HP: 22/22 MP: 5/5
   718 | D:2      | Reached XP level 3. HP: 28/28 MP: 2/7
   770 | D:2      | Learned a level 3 spell: Frozen Ramparts
   971 | D:2      | Noticed a moth of wrath
   974 | D:2      | Found a bloodstained altar of Trog.
  1114 | D:2      | Found an ancient bone altar of Kikubaaqudgha.
  1114 | D:2      | Found a hide-covered altar of Uskayaw.
  1114 | D:2      | Found a radiant altar of Vehumet.
  1460 | D:2      | Found a white marble altar of Elyvilon.
  1463 | D:2      | Reached XP level 4. HP: 36/36 MP: 8/8
  1538 | D:2      | Learned a level 4 spell: Hailstorm
  1725 | D:3      | Found a basalt altar of Yredelemnul.
  1810 | D:2      | Found a snail-covered altar of Cheibriados.
  1826 | D:2      | Became a worshipper of Cheibriados the Contemplative
  2089 | D:3      | Reached skill level 5 in Ice Magic
  2546 | D:4      | Found a glowing drain.
  2551 | D:4      | Reached skill level 1 in Conjurations
  2558 | D:4      | Reached XP level 5. HP: 34/42 MP: 4/10
  2574 | D:4      | Reached * piety under Cheibriados
  2595 | Sewer    | Entered a sewer
  2871 | Sewer    | Reached ** piety under Cheibriados
  2871 | Sewer    | Reached XP level 6. HP: 48/49 MP: 6/11
  3202 | Sewer    | Reached *** piety under Cheibriados
  3609 | D:4      | Found a snail-covered altar of Cheibriados.
  3736 | D:4      | Reached skill level 1 in Invocations
  3788 | D:4      | Reached XP level 7. HP: 40/55 MP: 7/13
  3819 | D:4      | Noticed Menkaure
  3833 | D:4      | Killed Menkaure
  4210 | D:4      | Found a stormy altar of Qazlal.
  4905 | D:5      | Entered Level 5 of the Dungeon
  4952 | D:5      | Found a glowing golden altar of the Shining One.
  5018 | D:5      | Reached skill level 5 in Invocations
  5040 | D:5      | Found a shattered altar of Ashenzari.
  5077 | D:5      | Reached skill level 1 in Evocations
  5077 | D:5      | Reached XP level 8. HP: 12/62 MP: 14/14
  5465 | D:5      | Reached **** piety under Cheibriados
  6026 | D:5      | Found Fotaof's Gadget Shoppe.
  6074 | D:6      | Found a staircase to the Ecumenical Temple.
  6374 | D:6      | Reached skill level 5 in Evocations
  6388 | D:6      | Reached skill level 1 in Fighting
  6580 | D:5      | Got a faintly glowing war axe
  6581 | D:5      | Identified the +4 war axe "Newtslayer" {protect, *Rage
                  | Int+6} (You found it on level 5 of the Dungeon)
  6676 | D:6      | Reached skill level 1 in Axes
  6685 | D:6      | Reached ***** piety under Cheibriados
  6718 | D:6      | Found a burning altar of Makhleb.
  6820 | D:6      | Reached skill level 2 in Axes
  6820 | D:6      | Reached XP level 9. HP: 73/74 MP: 15/15
  6903 | D:6      | Reached skill level 3 in Axes
  6915 | D:6      | Found a shimmering altar of Xom.
  7265 | D:7      | Reached skill level 4 in Axes
  7535 | D:7      | Reached skill level 5 in Axes
  8065 | D:7      | Noticed Pikel
  8080 | D:7      | Killed Pikel
  8080 | D:7      | Reached skill level 7 in Axes
  8700 | D:7      | Found a runed translucent door.
  8701 | D:7      | Noticed Crazy Yiuf
  8710 | D:7      | Killed Crazy Yiuf
  8759 | D:8      | Reached skill level 8 in Axes
  8759 | D:8      | Reached XP level 10. HP: 49/84 MP: 16/16
  8955 | D:8      | Learned a level 3 spell: Ozocubu's Armour
  9021 | D:8      | Found a transporter.
  9024 | D:8      | Noticed a kobold demonologist
  9026 | D:8      | Noticed an orc high priest
  9037 | D:8      | Found a transporter.
  9038 | D:8      | Got a smoking robe
  9049 | D:8      | Identified the cursed +0 robe "Dewemuo" {rC+ rCorr SInv}
                  | (You found it on level 8 of the Dungeon)
  9071 | D:8      | Found Dauk's Gadget Shoppe.
  9300 | D:8      | Reached skill level 9 in Axes
  9411 | D:8      | Found an opulent altar of Gozag.
  9522 | D:9      | Reached skill level 10 in Axes
 10119 | D:9      | Found a staircase to the Lair.
 10124 | D:9      | Reached skill level 11 in Axes
 10171 | D:9      | Noticed a two-headed ogre
 10177 | D:9      | Killed a two-headed ogre
 10298 | D:9      | Reached ****** piety under Cheibriados
 10353 | D:9      | Reached XP level 11. HP: 77/91 MP: 17/17
 10656 | D:9      | Reached skill level 12 in Axes
 11027 | D:10     | Entered Level 10 of the Dungeon
 11028 | D:10     | Found a staircase to the Orcish Mines.
 11037 | D:10     | Noticed a two-headed ogre
 11047 | D:10     | Killed a two-headed ogre
 11053 | D:10     | Hit by a boomerang thrown by an orc warrior

Levels and vault maps discovered:
D:1:      mrwooster_arrival_statue, layout_basic
D:2:      layout_basic, nicolae_overflow_hidden_temple,
          grunt_temple_overflow_open, tgw_trog
D:3:      layout_basic, yredelemnul_altar_generic
D:4:      layout_loops_cross, marbit_many_paths, first_ration,
          portal_sewer_entry_a, minmay_misc_feat_hallway, lemuel_altar_in_water,
          uniq_menkaure
D:5:      layout_loops_ring, evilmike_ruin_ashenzari, serial_shops, shop,
          tso_metal_star
D:6:      layout_basic, xom_confusion_cloud, minmay_temple_entry_arrows,
          bloody_makhleb
D:7:      layout_basic, serial_glass, glass_columns_a, glass_columns_c,
          glass_columns_c, glass_columns_b, glass_columns_a, glass_columns_a,
          glass_columns_b, glass_columns_a, glass_columns_a, glass_columns_a,
          uniq_crazy_yiuf_cottage, uniq_pikel
D:8:      gammafunk_wand_slinger, layout_rooms,
          nicolae_gozag_cash_rules_everything_around_me, serial_shops,
          shop_statue
D:9:      layout_basic, minmay_lair_entry_grove
D:10:     layout_rooms, david_orc_3

Skill      XL: |  1  2  3  4  5  6  7  8  9 10 11 |
---------------+----------------------------------+-----
Spellcasting   | 3 4 |  4.0
Ice Magic      | 5 6 |  6.0
Conjurations   | 1 2 3 |  3.0
Invocations    | 1 5 6 |  6.0
Evocations     | 1 5 |  5.0
Fighting       | 3 4 |  4.1
Axes           | 2 8 11 12 | 12.7
Dodging        | |  1.5
Stealth        | |  3.0

Action                   |  1- 3 |  4- 6 |  7- 9 | 10-12 || total
-------------------------+-------+-------+-------+-------++-------
Melee: Unarmed           |     2 |       |       |       ||     2
       Short sword       |     2 |    16 |     7 |       ||    25
       Dagger            |       |       |   109 |       ||   109
       War axe           |       |       |   142 |   180 ||   322
 Cast: Freeze            |    24 |    71 |    37 |       ||   132
       Frozen Ramparts   |     2 |     8 |     5 |     5 ||    20
       Hailstorm         |       |       |     4 |     1 ||     5
       Ozocubu's Armour  |       |       |       |     2 ||     2
Invok: Slouch            |       |       |     2 |       ||     2
 Abil: Spit Poison       |    30 |    43 |    25 |     2 ||   100
Evoke: Wand              |       |       |     1 |       ||     1
  Use: Scroll            |       |    10 |     1 |     2 ||    13
       Potion            |       |       |     2 |       ||     2
 Stab: Sleeping          |       |     1 |    11 |    12 ||    24
  Eat: Chunk             |     3 |     9 |    10 |     3 ||    25
       Ration            |       |       |     3 |     2 ||     5
Armor: Robe              |     4 |    18 |   103 |    91 ||   216
Dodge: Dodged            |    23 |    59 |   243 |   115 ||   440

Table legend:
 A = Non-vault XP
 B = Vault XP
 C = Vault XP percentage of total XP
 D = Non-vault monster count
 E = Vault monster count
 F = Vault count percentage of total count
                 A         B        C        D         E       F
            +---------+---------+-------+---------+---------+-------
      Total |    8104 |    3672 |  31.2 |     210 |      82 |  28.1
            +---------+---------+-------+---------+---------+-------
        D:1 |      28 |       0 |   0.0 |      17 |       0 |   0.0
        D:2 |      52 |       5 |   8.8 |      19 |       5 |  20.8
        D:3 |      60 |       0 |   0.0 |      14 |       0 |   0.0
        D:4 |     476 |     206 |  30.2 |      21 |       6 |  22.2
        D:5 |     621 |       0 |   0.0 |      21 |       0 |   0.0
        D:6 |    1034 |     151 |  12.7 |      27 |       4 |  12.9
        D:7 |     998 |     657 |  39.7 |      30 |       2 |   6.2
        D:8 |    1220 |       0 |   0.0 |      31 |       0 |   0.0
        D:9 |    2476 |    2278 |  47.9 |      25 |      13 |  34.2
       D:10 |    1139 |     185 |  14.0 |       5 |       4 |  44.4
      Sewer |       0 |     190 | 100.0 |       0 |      48 | 100.0
            +---------+---------+-------+---------+---------+-------
